[ AOE2 MATCH · #506627318 ]
UnrankedPortuguese vs Mongols
Player's team · WIN
Rival team · LOSS
[ REPLAY ANALYSIS · EXTRACTED FROM THE RECORDED GAME ]
Feudal
—
Castle
—
Imperial
—
| APM avg | 64.6 |
| APM peak | 81 |
| eAPM avg | 21.9 |
| Villagers / military | 16 / 0 |
Focus
⚔️ 35.3% · 🌾 64.7%
Feudal
—
Castle
—
Imperial
—
| APM avg | 78.9 |
| APM peak | 111 |
| eAPM avg | 10.7 |
| Villagers / military | 18 / 0 |
Focus
⚔️ 17.6% · 🌾 82.4%
Match map
Initial resources + every placement click. Lines = walls · curves = elevation contours. ◆ gold · ⬟ stone · ● berries · ✦ relic · ◌ wall gap
Your base
Guthrie_Govan's base
Smoothed initial terrain · ◌ = detected wall gap · hover for details
Inputs per minute
— Yess Alang - - Guthrie_Govan
Build order — Yess Alang
34 actions detected in the replay
| 0:00 | Queue | Villager (Male) |
| 0:02 | Build | House |
| 0:04 | Build | House |
| 0:17 | Queue | Villager (Male) |
| 0:48 | Queue | Villager (Male) |
| 1:06 | Queue | Villager (Male) |
| 1:27 | Queue | Villager (Male) |
| 1:59 | Queue | Villager (Male) |
| 2:25 | Queue | Villager (Male) |
| 2:39 | Build | Lumber Camp |
| 2:49 | Queue | Villager (Male) |
| 3:08 | Build | House |
| 3:21 | Queue | Villager (Male) |
| 3:43 | Queue | Villager (Male) |
| 3:48 | Queue | Villager (Male) |
| 3:50 | Build | Palisade Gate |
| 3:51 | Build | House |
| 4:33 | Queue | Villager (Male) |
| 5:00 | Queue | Villager (Male) |
| 5:14 | Build | Palisade Wall |
| 5:34 | Queue | Villager (Male) |
| 5:34 | Queue | Villager (Male) |
| 5:43 | Build | Palisade Wall |
| 5:56 | Build | Mill |
| 6:19 | Research | Loom |
| 6:42 | Queue | Villager (Male) |
| 6:58 | Build | Palisade Wall |
| 7:00 | Build | Palisade Wall |
| 7:04 | Build | Palisade Wall |
| 7:06 | Build | Palisade Wall |
| 7:06 | Build | Palisade Wall |
| 7:16 | Research | Feudal Age |
| 7:31 | Build | House |
| 7:33 | Build | House |
Build order — Guthrie_Govan
28 actions detected in the replay
| 0:00 | Queue | Villager (Male) |
| 0:00 | Queue | Villager (Male) |
| 0:01 | Queue | Villager (Male) |
| 0:02 | Build | House |
| 0:03 | Build | House |
| 0:08 | Queue | Villager (Male) |
| 1:28 | Queue | Villager (Male) |
| 1:49 | Queue | Villager (Male) |
| 2:20 | Queue | Villager (Male) |
| 2:29 | Build | Lumber Camp |
| 2:50 | Queue | Villager (Male) |
| 2:58 | Queue | Villager (Male) |
| 3:53 | Queue | Villager (Male) |
| 3:58 | Queue | Villager (Male) |
| 4:01 | Queue | Villager (Male) |
| 4:04 | Build | House |
| 4:26 | Build | House |
| 4:29 | Build | Palisade Wall |
| 4:37 | Queue | Villager (Male) |
| 5:14 | Research | Loom |
| 5:15 | Research | Loom |
| 5:45 | Build | Mill |
| 5:46 | Queue | Villager (Male) |
| 5:47 | Queue | Villager (Male) |
| 5:47 | Queue | Villager (Male) |
| 5:48 | Queue | Villager (Male) |
| 6:10 | Queue | Villager (Male) |
| 7:22 | Build | Town Center |
Match timeline
| 4:29 | Guthrie_Govan · wall_segment Palisade Wall x1 |
| 5:14 | Yess Alang · wall_segment Palisade Wall x1 |
| 5:43 | Yess Alang · wall_segment Palisade Wall x1 |
| 6:58 | Yess Alang · wall_segment Palisade Wall x5 |
| 7:00 | Yess Alang · wall_segment Palisade Wall x3 |
| 7:04 | Yess Alang · wall_segment Palisade Wall x1 |
| 7:06 | Yess Alang · wall_segment Palisade Wall x1 |
| 7:06 | Yess Alang · wall_segment Palisade Wall x1 |
| 7:34 | Guthrie_Govan · resign |
[ AI ANALYSIS · 1 CREDIT ]
What really happened in this match?
Wolo.gg analyzes every decision: build order, eco, micro, common mistakes by bracket. Personalized analysis on WhatsApp or Discord in 30 seconds.
Civ guide
Portuguese
Perfil
Jugador #12188591